 Dungeon Crawl Stone Soup version 0.31-a0-868-g674d60d6f7 (webtiles) character file.

Game seed: 16865795460272005428

1696 Maratek the Covered (level 8, -1/65 (70) HPs)
             Began as a Minotaur Fighter on Oct 11, 2023.
             Was a Believer of Qazlal.
             Succumbed to a kobold brigand's poison
             ... on level 7 of the Dungeon.
             The game lasted 00:07:36 (5322 turns).

Maratek the Covered (Minotaur Fighter)              Turns: 5322, Time: 00:07:36

HP:   -1/65 (70)    AC:  9    Str: 30    XL:     8   Next: 72%
MP:   16/16         EV: 10    Int:  7    God:    Qazlal [**....]
Gold: 277           SH:  7    Dex:  9    Spells: 7/7 levels left

rFire   + . .        i - +5 great sword "Bakloskowo" {spect, Fly MP+9}
rCold   x . .        (shield currently unavailable)
rNeg    . . .        k - +0 chain mail of Zehol {Str+6 Int+2}
rPois   .            (helmet restricted)
rElec   .            (no cloak)
rCorr   .            (no gloves)
SInv    .            g - +1 pair of boots "Newkuowu" {Stlth+}
Will    .....        p - amulet of reflection Stlth
                     f - ring of fire
HPRegen 0.30/turn    (no ring)
MPRegen 0.15/turn

%: reflection
@: lethally poisoned (-1 -> -6), on berserk cooldown, flying, slowed, drained,
very slow
A: horns 2, retaliatory headbutt, claws 1, hooves 1, deformed body
a: Renounce Religion, Upheaval


You were on level 7 of the Dungeon.
You worshipped Qazlal.
Qazlal was pleased with you.
You visited 1 branch of the dungeon, and saw 7 of its levels.

You collected 438 gold pieces.
You spent 161 gold pieces at shops.

Inventory:

Hand Weapons
 i - the +5 great sword "Bakloskowo" (weapon) {spect, Fly MP+9}
   (You found it on level 5 of the Dungeon)

   MP+9:      It affects your magic capacity (+9).
   Fly:       It grants you flight.
Armour
 g - the +1 pair of boots "Newkuowu" (worn) {Stlth+}
   (You bought it in a shop on level 4 of the Dungeon)

   Stlth+:    It makes you more stealthy.
 k - the +0 chain mail of Zehol (worn) {Str+6 Int+2}
   (You acquired it on level 3 of the Dungeon)

   Str+6:     It affects your strength (+6).
   Int+2:     It affects your intelligence (+2).
Jewellery
 f - a ring of fire (left claw)
 p - an amulet of reflection (around neck)
 r - the Hermit's Pendant {Faith Invo=14 Evo=0 MP+5}
   (You found it on level 6 of the Dungeon)

   [amulet of faith]

   Invo=14: It sets your Invocations skill to 14.
   Evo=0: It sets your Evocations skill to 0.
   Faith:     It allows you to gain divine favour quickly.
   MP+5:      It affects your magic capacity (+5).
 w - a ring of wizardry
Wands
 t - a wand of iceblast (6)
 x - a wand of flame (16)
Scrolls
 b - 2 scrolls of teleportation
 j - a scroll of butterflies
 l - a scroll of revelation
 q - a scroll of fog
 v - a scroll of fear {unknown}
Potions
 c - a potion of brilliance {unknown}
 d - 4 potions of might
 e - 2 potions of mutation
 h - a potion of berserk rage
 m - a potion of haste {unknown}
 n - 2 potions of invisibility (quivered) {unknown}
 o - a potion of attraction {unknown}
 s - 2 potions of curing {unknown}


   Skills:
 + Level 6.2 Fighting
 + Level 5.7 Long Blades
 + Level 6.2 Axes
 + Level 7.7 Armour
 + Level 2.7 Dodging
 + Level 0.1 Stealth
 + Level 6.2 Shields


You had 7 spell levels left.
You didn't know any spells.
Your spell library contained the following spells:

 Spells                   Type           Power      Damage    Failure   Level
 Malign Gateway           Summ/Tloc      0%         N/A       100%        7
 Summon Horrible Things   Summ           0%         N/A       100%        8


Dungeon Overview and Level Annotations

Branches:
Dungeon (7/15)             Temple (0/1) D:4

Altars:
Nemelex Xobeh
Okawaru
Qazlal
Vehumet

Shops:
D:4 [


Innate Abilities, Weirdness & Mutations

You have a pair of horns on your head.
You reflexively headbutt those who attack you in melee.
You have sharp fingernails.
You have large cloven feet.
Armour fits poorly on your strangely shaped body.


Message History

Deactivating autopickup; reactivate with Ctrl-A.
Your surroundings suddenly seem different. 2 kobolds come into view.
The kobold shouts! x2; You hear a shout! x5
You feel your anger nearly subside.
You are no longer berserk.
You are exhausted.
You feel yourself slow down.
You slash the kobold!
You kill the kobold!
Qazlal accepts your kill.
The kobold throws a stone.
The stone hits you but does no damage. The kobold hits you with a +0 dagger.
* * * LOW HITPOINT WARNING * * *
You block the kobold's attack.
Things that are here:
a +0 dagger; a kobold corpse You completely miss the kobold.
The kobold hits you but does no damage. The kobold closely misses you.
You furiously retaliate!
You headbutt the kobold!
You kill the kobold!
Qazlal accepts your kill.
Things that are here:
a +0 dagger; 5 stones You start resting.
A kobold brigand comes into view.
It is wielding a +0 whip and quivering poisoned darts.
A kobold brigand is nearby!
A kobold brigand is nearby!
The kobold brigand shouts!
You hear a shout! x2
A kobold comes into view. It is wielding a +0 dagger of flaming.
The kobold shouts!
The kobold brigand throws a poisoned dart.
The poisoned dart hits you!
You are lethally poisoned!
A kobold comes into view. It is wielding a +0 short sword.
* * * LOW HITPOINT WARNING * * *
You feel very sick. The kobold brigand barely misses you.
You slash the kobold brigand! You headbutt the kobold brigand!
The kobold brigand is severely wounded.
You die...

### ..
#.#####
K....
.K. #K#
#@# #.#
#.# #)#
#)# #.#
#.# #.#
#.#


You could see a kobold brigand and 2 kobolds.

Vanquished Creatures
  A vampire mosquito (D:6)
  2 water moccasins
  An ice beast (D:6)
  A phantom (D:6)
  Blork the orc (D:4)
  2 scorpions
  7 wights (D:7)
  3 killer bees (D:5)
  2 hounds
  An orc priest (D:6)
  3 jellies (D:6)
  2 gnoll boudas
  10 gnolls
  8 adders
  A worm (D:2)
  2 dart slugs
  12 orcs
  5 ball pythons
  8 endoplasms
  2 giant cockroaches (D:1)
  4 hobgoblins
  12 jackals
  13 kobolds
  7 bats
  2 frilled lizards
  13 goblins
  7 rats
132 creatures vanquished.

Notes
Turn   | Place    | Note
-------+----------+-------------------------------------------
     0 | D:1      | Maratek the Minotaur Fighter began the quest for the Orb.
     0 | D:1      | Reached XP level 1. HP: 19/19 MP: 0/0
   148 | D:1      | Reached XP level 2. HP: 21/27 MP: 1/1
   150 | D:1      | Reached skill level 4 in Armour
   426 | D:1      | Reached XP level 3. HP: 28/33 MP: 2/2
  1135 | D:2      | Reached XP level 4. HP: 37/41 MP: 3/3
  1624 | D:2      | Found a stormy altar of Qazlal.
  1769 | D:2      | Became a worshipper of Qazlal Stormbringer
  2172 | D:3      | Reached XP level 5. HP: 47/47 MP: 4/4
  2448 | D:3      | Identified a scroll of acquirement
  2449 | D:3      | Acquired the +0 chain mail of Zehol {Str+6 Int+2}
  2492 | D:4      | Found a sparkling altar of Nemelex Xobeh.
  2523 | D:4      | Noticed Blork the orc
  2533 | D:4      | Killed Blork the orc
  2534 | D:4      | Reached skill level 5 in Fighting
  2534 | D:4      | Reached skill level 5 in Armour
  2639 | D:4      | Found a staircase to the Ecumenical Temple.
  2683 | D:4      | Identified the +6 hand axe of Mana {pain, Will+ Str+4
                  | Dex+3}
  2820 | D:4      | Reached XP level 6. HP: 44/56 MP: 5/5
  2821 | D:4      | Reached * piety under Qazlal
  2822 | D:4      | Reached skill level 5 in Axes
  2996 | D:4      | Found Umuwnud's Antique Armour Shoppe.
  3007 | D:4      | Bought a pair of fine boots for 161 gold pieces
  3007 | D:4      | Identified the +1 pair of boots "Newkuowu" {Stlth+} (You
                  | bought it in a shop on level 4 of the Dungeon)
  3320 | D:5      | Entered Level 5 of the Dungeon
  3391 | D:5      | Identified the +5 great sword "Bakloskowo" {spect, Fly
                  | MP+9}
  3843 | D:5      | Reached skill level 5 in Shields
  3848 | D:5      | Reached XP level 7. HP: 56/61 MP: 6/6
  3851 | D:5      | Reached skill level 1 in Dodging
  4473 | D:6      | Reached skill level 1 in Long Blades
  4473 | D:6      | Reached skill level 6 in Armour
  4561 | D:6      | Found a faded altar of an unknown god.
  4561 | D:6      | Noticed a vampire mosquito
  4561 | D:6      | Found the Hermit's Pendant {Faith Invo=14 Evo=0 MP+5}
  4564 | D:6      | Killed a vampire mosquito
  4676 | D:6      | Reached XP level 8. HP: 69/69 MP: 7/7
  4747 | D:6      | Reached skill level 7 in Armour
  4785 | D:6      | Found an iron altar of Okawaru.
  4868 | D:6      | Reached ** piety under Qazlal
  4881 | D:6      | Found a radiant altar of Vehumet.
  5261 | D:7      | Reached skill level 5 in Long Blades
  5299 | D:7      | HP: 3/65 [something/ball of steam (4)]
  5305 | D:7      | Gained mutation: Armour fits poorly on your strangely
                  | shaped body. [potion of mutation]
  5305 | D:7      | Gained mutation: You have sharp fingernails. [potion of
                  | mutation]
  5305 | D:7      | Gained mutation: You have large cloven feet. [potion of
                  | mutation]
  5305 | D:7      | HP: 3/65 [steam dragon (2)]
  5306 | D:7      | HP: 1/97 [steam dragon/ball of steam (4)]
  5315 | D:7      | HP: 3/65 [kobold/+0 dagger (1)]
  5321 | D:7      | HP: 2/65 [poisoned by a kobold brigand]
  5322 | D:7      | Succumbed to a kobold brigand's poison

Illustrated notes

Levels and vault maps discovered:
D:1:      dpeg_arrival_simpleton_a, layout_loops_ring, minmay_misc_feat_cross
D:2:      minmay_alternating_diamond, layout_loops_corners, basic_altar,
          minmay_heptomino_h4
D:3:      corexii_shack_village, layout_rooms, minmay_crystal_water,
          moated_statue
D:4:      layout_basic, nicolae_overflow_hidden_temple,
          minmay_temple_entry_arrows, serial_glass, glass_columns_b,
          glass_columns_c, serial_shops, shop, uniq_blork_the_orc
D:5:      layout_cave_pods
D:6:      layout_basic, kennysheep_okawaru_gauntlet, vehumet_altar_wand_db,
          hellmonk_guarded_unrand_hermit
D:7:      layout_loops_ring, marbit_many_paths

Skill      XL: |  1  2  3  4  5  6  7  8 |
---------------+-------------------------+-----
Armour         | 4 5 6 7 |  7.7
Fighting       | 4 5 6 |  6.2
Shields        | 4 5 6 |  6.2
Axes           | 3 4 5 6 |  6.2
Dodging        | 2 |  2.7
Long Blades    | 2 5 |  5.7
Stealth        | |  0.1

Action                     |  1- 3 |  4- 6 |  7- 9 || total
---------------------------+-------+-------+-------++-------
  Melee: War axe           |    80 |   131 |       ||   211
         Headbutt          |     8 |    14 |    14 ||    36
         Great sword       |       |     4 |    74 ||    78
    Use: Scroll            |       |     9 |     5 ||    14
         Potion            |       |       |     2 ||     2
 Armour: Scale mail        |    63 |    39 |       ||   102
         Chain mail        |       |    44 |    61 ||   105
  Dodge: Dodged            |    42 |    63 |    45 ||   150
  Block: Buckler           |    19 |    55 |       ||    74
         Other             |       |     3 |    27 ||    30

Table legend: (Time is in decaauts)
 A = Elapsed time spent in this place.
 B = Non-inter-level travel time spent in this place.
 C = Inter-level travel time spent in this place.
 D = Time resting spent in this place.
 E = Time spent auto-exploring this place.
 F = Levels seen in this place.
 G = Mean time per level.
                   A        B        C        D        E       F      G
               +--------+--------+--------+--------+--------+-----+--------+
         Total |   5443 |   5201 |    242 |    254 |   4118 |   7 |  777.6 |
       Dungeon |   5443 |   5201 |    242 |    254 |   4118 |   7 |  777.6 |
               +--------+--------+--------+--------+--------+-----+--------+

Top non-repeatable levels by time:
     D:2: 1251 daAuts
     D:5: 1134 daAuts
     D:4: 854 daAuts
     D:6: 758 daAuts
     D:1: 753 daAuts
     D:3: 527 daAuts
     D:7: 163 daAuts
